 Dungeon Crawl Stone Soup version 0.30-a0-845-g7c6808c8ce (webtiles) character file.

Game seed: 8364045547533203949

305 drewk1942 the Ruffian (level 6, -13/61 HPs)
             Began as a Troll Monk on Mar 2, 2023.
             Shot with a bolt by an orc warrior (19 damage)
             ... in a bailey.
             The game lasted 00:06:34 (3179 turns).

drewk1942 the Ruffian (Troll Monk)                  Turns: 3179, Time: 00:06:34

Health: -13/61     AC:  4    Str: 28    XL:     6   Next: 15%
Magic:  5/5        EV: 10    Int:  6    God:
Gold:   218        SH:  5    Dex: 12    Spells: 5/5 levels left

rFire   . . .      SeeInvis .      - Unarmed
rCold   . . .      Faith    .    (no shield)
rNeg    + . .      Spirit   .    a - +0 robe
rPois   .          Reflect  +    (helmet restricted)
rElec   .          Rampage  .    (no cloak)
rCorr   .                        (gloves unavailable)
Will    .....                    (boots unavailable)
Stlth   ++                       v - amulet of reflection
HPRegen 1.10/turn                n - +6 ring of strength
MPRegen 0.09/turn                l - ring of positive energy

@: no status effects
A: large, unfitting armour, claws 3, regeneration 1, shaggy fur 1, tough skin 1
a: no special abilities


You were in a bailey.
You visited 1 branch of the dungeon, and saw 6 of its levels.
You also visited: Bailey.

You collected 218 gold pieces.

Inventory:

Armour
 a - a +0 robe (worn)
Jewellery
 f - an amulet of faith
 i - a +6 ring of intelligence
 l - a ring of positive energy (right claw)
 n - a +6 ring of strength (left claw)
 r - a ring of fire
 v - an amulet of reflection (around neck)
 w - an amulet of guardian spirit
Scrolls
 d - a scroll of enchant weapon {unknown}
 j - 2 scrolls of blinking {unknown}
 m - 10 scrolls of identify {unknown}
 u - a scroll of brand weapon {unknown}
 x - a scroll of teleportation {unknown}
Potions
 c - a potion of might {unknown}
 e - 2 potions of brilliance {unknown}
 g - 2 potions of lignification {unknown}
 h - a potion of mutation {unknown}
 k - a potion of curing {unknown}
 o - a potion of heal wounds {unknown}
 p - a potion of resistance {unknown}
 q - 2 potions of degeneration {unknown}
 s - a potion of flight {unknown}
 t - a potion of invisibility {unknown}


   Skills:
 + Level 3.5 Fighting
 + Level 3.5 Dodging
 - Level 2.0 Stealth
 * Level 4.4 Unarmed Combat


You had 5 spell levels left.
You didn't know any spells.
Your spell library contained the following spells:

 Spells                   Type           Power      Damage    Failure   Level
 Ignite Poison            Fire/Tmut/Pois 0%         N/A       83%         3
 Kindle Blastsparks       Fire/Tloc/Air  0%         2d10      83%         3
 Sticky Flame             Conj/Fire      0%         2d3       99%         4
 Freezing Cloud           Conj/Ice/Air   0%         6-21      100%        5
 Ignition                 Fire           0%         3d3       100%        8


Dungeon Overview and Level Annotations

Branches:
Dungeon (7/15)             Bailey (1/1)
 Temple: D:4-7

Altars:
Elyvilon


Innate Abilities, Weirdness & Mutations

You are too large for most types of armour.
You have claws for hands.
Your natural rate of healing is unusually fast.
You are covered in fur. (AC +1)
You have tough skin. (AC +1)


Message History

You feel invigorated. The orc warrior hits you.
You closely miss the orc warrior. Your claw misses the orc warrior.
The orc warrior is lightly wounded.
The orc warrior closely misses you.
You closely miss the orc warrior.
The orc warrior is lightly wounded.
An orc warrior comes into view. It is wielding a +0 arbalest.
The orc warrior grunts repeatedly, as Orcs often do.
The orc warrior hits you!
The orc warrior shouts!
You scratch the orc warrior.
The orc warrior is moderately wounded.
The orc warrior closely misses you.
You barely miss the orc warrior.
The orc warrior is moderately wounded.
You scratch the orc warrior but do no damage.
The orc warrior is moderately wounded.
The orc warrior shoots a bolt.
The bolt hits you!! The orc warrior closely misses you.
The orc warrior shoots a bolt.
The bolt hits you. The orc warrior hits you.
Found a gate leading back out of this place.
You feel less invigorated.
You feel less confused.
The orc warrior shoots a bolt.
The bolt barely misses you. The orc warrior barely misses you.
You scratch the orc warrior.
The orc warrior is heavily wounded.
The orc warrior shoots a bolt.
The bolt barely misses you.
The orc warrior hits you but does no damage.
You closely miss the orc warrior.
The orc warrior is heavily wounded.
The orc warrior shoots a bolt.
The bolt hits you!
* * * LOW HITPOINT WARNING * * *
The orc warrior hits you.
* * * LOW HITPOINT WARNING * * *
The orc warrior shoots a bolt.
The bolt hits you!
* * * LOW HITPOINT WARNING * * *
You block the orc warrior's attack.
The orc warrior shoots a bolt.
The bolt hits you!!
You die...

#∩.........
#.∩........
#..........
#..........
#......≈≈≈≈
#.)...≈≈##
#.....≈##.#
#.....≈#...
#@o...≈##.∩
#.....≈≈#
#......≈≈.≈
#..........
#......o...
#..........
#..........
#..........


You could see 2 orc warriors.

Vanquished Creatures
  A gnoll bouda (D:3)
  2 hounds (D:5)
  An iguana (D:3)
  5 gnolls (D:3)
  7 adders
  4 worms
  3 dart slugs
  2 orcs
  7 ball pythons
  A bat (D:1)
  3 endoplasms
  3 giant cockroaches
  2 goblins
  8 hobgoblins
  4 quokkas
  5 frilled lizards
  12 kobolds
  3 rats
73 creatures vanquished.

Notes
Turn   | Place    | Note
-------+----------+-------------------------------------------
     0 | D:1      | drewk1942 the Troll Monk began the quest for the Orb.
     0 | D:1      | Reached XP level 1. HP: 22/22 MP: 0/0
   319 | D:1      | Found a faded altar of an unknown god.
   448 | D:1      | Reached XP level 2. HP: 29/29 MP: 1/1
   904 | D:2      | Reached XP level 3. HP: 35/36 MP: 2/2
  1039 | D:2      | Reached XP level 4. HP: 44/44 MP: 3/3
  1659 | D:3      | Reached XP level 5. HP: 25/53 MP: 4/4
  1838 | D:3      | Found a white marble altar of Elyvilon.
  2171 | D:3      | Reached skill level 4 in Unarmed Combat
  3046 | D:5      | Entered Level 5 of the Dungeon
  3056 | D:5      | Reached XP level 6. HP: 54/61 MP: 5/5
  3122 | D:5      | You fall into a shaft and drop 2 floors!
  3122 | D:7      | Found a flagged portal.
  3129 | Bailey   | Entered a bailey
  3130 | Bailey   | Noticed an orc warrior
  3170 | Bailey   | Noticed an orc warrior
  3179 | Bailey   | Shot with a bolt by an orc warrior

Illustrated notes

Levels and vault maps discovered:
D:1:      zelgadis_glass_arrival_small, layout_basic,
          ebering_ecumenical_altar_hall, serial_corexii_hall,
          chequers_hall_statues_corner_a, corexii_hall_statues_deadend
D:2:      layout_loops_ring, chequers_avenue, hangedman_abyss_or_decor_stabs
D:3:      layout_rooms, overflow_temple_1_default, serial_rivers,
          chequers_serial_rivers_large_b, chequers_serial_rivers_micro_b,
          chequers_serial_rivers_small_b, chequers_serial_rivers_small_b,
          chequers_serial_rivers_micro_b, minmay_strange_pillars
D:4:      layout_cave_pods
D:5:      layout_basic, nicolae_ru_great_annihilating_truth,
          minmay_temple_entry_waves, ebering_ghost_reflecting_pool,
          uniq_blork_the_orc
D:7:      layout_rooms, lemuel_crystal_altar,
          chequers_temple_overflow_minitemple, makhleb_grotto_becter,
          enter_bailey_2, kennysheep_generic_room_4
Bailey:   bailey_polearm_2, bailey

Skill      XL: |  1  2  3  4  5 |
---------------+----------------+-----
Fighting       | 3 |  3.5
Dodging        | 3 |  3.5
Unarmed Combat | 4 |  4.4
Stealth        | 2 |  2.0

Action                     |  1- 3 |  4- 6 || total
---------------------------+-------+-------++-------
  Melee: Unarmed           |    90 |   138 ||   228
         Punch             |       |     3 ||     3
  Throw: Throwing net      |       |     2 ||     2
    Use: Potion            |       |     1 ||     1
   Stab: Sleeping          |       |     2 ||     2
 Armour: Robe              |    27 |    27 ||    54
  Dodge: Dodged            |    47 |    64 ||   111
  Block: Other             |       |     1 ||     1

Table legend: (Time is in decaauts)
 A = Elapsed time spent in this place.
 B = Non-inter-level travel time spent in this place.
 C = Inter-level travel time spent in this place.
 D = Time resting spent in this place.
 E = Time spent auto-exploring this place.
 F = Levels seen in this place.
 G = Mean time per level.
                   A        B        C        D        E       F      G
               +--------+--------+--------+--------+--------+-----+--------+
         Total |   3163 |   2915 |    248 |     60 |   2182 |   7 |  451.9 |
       Dungeon |   3114 |   2866 |    248 |     60 |   2182 |   6 |  519.0 |
        Bailey |     49 |     49 |      0 |      0 |      0 |   1 |   49.0 |
               +--------+--------+--------+--------+--------+-----+--------+

Top non-repeatable levels by time:
     D:1: 834 daAuts
     D:4: 776 daAuts
     D:3: 719 daAuts
     D:2: 702 daAuts
     D:5: 74 daAuts
  Bailey: 49 daAuts
     D:7: 6 daAuts
